 Dungeon Crawl Stone Soup version 0.17-a0-1718-g72dbe4d (webtiles) character file.

70 matakusis the Ducker (level 4, -2/34 HPs)
             Began as a Demonspawn Gladiator on Aug 25, 2015.
             Killed from afar by Natasha (9 damage)
             ... with a magic dart
             ... on level 3 of the Dungeon.
             The game lasted 00:05:31 (2019 turns).

matakusis the Ducker (Demonspawn Gladiator)         Turns: 2019, Time: 00:05:33

Health: -2/34      AC:  3    Str: 15    XL:     4   Next: 4%
Magic:  4/4        EV: 13    Int:  9    God:
Gold:   72         SH:  0    Dex: 15    Spells: 0 memorised, 3 levels left

rFire  . . .     SeeInvis .     a - +1 war axe
rCold  . . .     Clarity  .     b - +0 leather armour
rNeg   . . .     SustAt   .     (no shield)
rPois  .         Gourm    .     (helmet restricted)
rElec  .         Spirit   .     (no cloak)
rCorr  .         Warding  .     (no gloves)
rMut   .         Stasis   .     (no boots)
MR     .....                    (no amulet)
Stlth  +.........               (no ring)
                                (no ring)

@: drained, not resistant to hostile enchantments, very unstealthy
A: antennae 1, powered by pain 1
a: no special abilities


You were on level 3 of the Dungeon.
You were hungry.

You visited 1 branch of the dungeon, and saw 3 of its levels.

You collected 72 gold pieces.

Inventory:

Hand weapons
 a - a +1 war axe (weapon)
Missiles
 d - 3 throwing nets (quivered)
Armour
 b - a +0 leather armour (worn)
Jewellery
 c - an uncursed ring of ice
Scrolls
 i - a scroll of remove curse
 j - a scroll of noise
 l - a scroll of recharging
Potions
 f - 2 potions of heal wounds
Comestibles
 e - a bread ration
 g - a beef jerky
 h - 2 chunks of flesh


   Skills:
 + Level 2.4(2.2) Fighting
 + Level 3.3(3.1) Axes
 - Level 1.7(1.5) Throwing
 + Level 0.8(0.6) Armour
 * Level 3.5(3.3) Dodging


You had 3 spell levels left.
You didn't know any spells.

Dungeon Overview and Level Annotations

Branches:
Dungeon (3/15)

Altars:
Ashenzari
Kikubaaqudgha

Annotations:
D:3 Natasha


Innate Abilities, Weirdness & Mutations

You have a pair of small antennae on your head.
You sometimes gain a little power by taking damage.


Message History

Natasha closely misses you. The giant cockroach misses you.
You barely miss Natasha.
Natasha is heavily wounded.
You barely miss the giant cockroach. Natasha barely misses you.
The giant cockroach misses you. Natasha casts a spell at you.
The magic dart hits you! The giant cockroach barely misses you.
You hit Natasha.
Natasha is almost dead.
You barely miss the giant cockroach. Natasha misses you.
The giant cockroach closely misses you.
Natasha mumbles some strange words.
You closely miss Natasha.
Natasha is almost dead.
You barely miss the giant cockroach. Natasha claws you!
* * * LOW HITPOINT WARNING * * *
The giant cockroach barely misses you. Natasha casts a spell at you.
The magic dart hits you!
You die...

#........[...
#...........
#.........[# #
#..........#.#
.........(...#
.............#
...........#
.......@h..#
#.....s..(.#
#.........5#
#..........#
##.........#
##.......%.
####.......
#.#...(.!


You could see Natasha, a shadow imp and a giant cockroach.

Vanquished Creatures
  Jessica (D:2)
  An ooze (D:1)
  3 worms (D:2)
  A giant gecko (D:2)
  4 goblins
  5 hobgoblins (D:1)
  7 kobolds
  A quokka (D:2)
  A ball python (D:1)
  6 bats
  A giant cockroach (D:1)
  2 giant newts (D:2)
  2 rats
35 creatures vanquished.

Notes
Turn   | Place    | Note
--------------------------------------------------------------
     0 | D:1      | matakusis the Demonspawn Gladiator began the quest for the Orb.
     0 | D:1      | Reached XP level 1. HP: 16/16 MP: 1/1
   375 | D:1      | Reached skill level 3 in Dodging
   482 | D:1      | Gained mutation: You sometimes gain a little power by taking damage. [demonic ancestry]
   482 | D:1      | Reached XP level 2. HP: 12/22 MP: 2/2
  1029 | D:2      | Found a shattered altar of Ashenzari.
  1040 | D:2      | Gained mutation: You have a pair of small antennae on your head. [demonic ancestry]
  1040 | D:2      | Reached XP level 3. HP: 15/28 MP: 3/3
  1090 | D:2      | Noticed Jessica
  1095 | D:2      | Killed Jessica
  1461 | D:2      | Found an ancient bone altar of Kikubaaqudgha.
  1546 | D:2      | Reached XP level 4. HP: 2/34 MP: 4/4
  2010 | D:3      | Noticed Natasha
  2019 | D:3      | Killed from afar by Natasha

Vault maps used:
D:1:      dpeg_arrival_more_subterranean_lakeside_camping
D:2:      kiku_gazebo_garden_becter, ashenzari_conservatory_becter, uniq_jessica
D:3:      uniq_natasha

Action                   |  1- 3 |  4- 6 || total
-------------------------+-------+-------++-------
Melee: War axe           |    98 |    13 ||   111
  Use: Scroll            |       |     8 ||     8
       Potion            |       |     3 ||     3
 Stab: Sleeping          |     2 |       ||     2
  Eat: Chunk             |     2 |     1 ||     3
